woodfighter, chaotic female sylph Ranger ------- ---- |..^..| ...| |.---.| ------- ------- --.| |.|...| |..(..|-----------------------------------------------|.....| |.| |.---.| |..%).-......................%.[......................-).)..| |.| |...|.|}-------------------------------|-----------------------------}| |.| |.|.|.|}}}}}}|........| +...........| |}}}}}}----|.| |.|.|.|.....}|........| |..)........| |}..%..%...|.| |--.|.|....)}|........|----------|.`.).......|--- |}.....---.|.| |...|.|.....#))..{....-%[.%%.%.%%-*.......(\(-.^. +......|.|.%)| |.--..-.....}|........|----------|...........|--- |}.....|.---.| |...........}|........| |...........| |}.....|.....| |.--..-}}}}}}|........| +...........| |}}}}}}|.----| |.|.<.|}-------------------------------|-----------------------------}|...H.| |.|.|.|}|..)..-...............................................%.....| |----@| |..*|.| |...%.|-----------------------------------------------|.....| |.....| |----.| ------- ------- |.----| |.....| |.....| ------- ------- woodfighter the Scout Experience level: 14 Strength: 15 Dexterity: 18 Constitution: 16 Intelligence: 13 Wisdom: 14 Charisma: 10 Health: 0(94) Energy: 67(67) Def: 13 Gold: 0 Moves: 43930 Dungeon seed: wTk12DxbkewoUXnu Game ID: woodfighter_1470238744 Your Inventory: Amulets P - an uncursed amulet of reflection (being worn) Weapons a - the blessed +0 Longbow of Diana (weapon in hand) b - 52 blessed +7 arrows (in quiver) c - 35 +0 arrows Armor e - an uncursed burnt +0 elven shield (being worn) q - a blessed fireproof +2 cloak of magic resistance (being worn) K - an uncursed +0 pair of gauntlets of power N - a blessed +1 mummy wrapping named DAEEC Comestibles p - 2 uncursed K-rations D - 6 uncursed eucalyptus leaves M - 11 uncursed C-rations Q - 2 uncursed fortune cookies R - 6 uncursed oranges S - an uncursed sprig of wolfsbane V - an uncursed lizard corpse Rings H - an uncursed ring of free action (on left hand) L - an uncursed ring of regeneration (on right hand) W - an uncursed ring of levitation Wands k - a wand of teleportation (0:0) Tools s - an uncursed sack u - a blessed +0 unicorn horn y - the blessed greased rustproof Master Key of Thievery B - an uncursed towel C - an uncursed stethoscope T - a +0 pick-axe X - a blessed magic lamp Gems d - a blessed luckstone Contents of the sack: a blessed fireproof +2 bow 18 uncursed eucalyptus leaves an uncursed lizard corpse 2 uncursed sprigs of wolfsbane an uncursed ring of conflict a wand of digging (0:7) a wand of magic missile (0:8) a wand of sleep (0:4) a wand of speed monster (0:3) a blessed wand of striking (0:6) a +0 unicorn horn Spells and supernatural/magical abilities: Name Level Category Fail Memory h - healing 1 healing 100% 14% W - pray for help -- divine ? -- Your skills at the end: Miscellaneous Skills shield [Basic] wands [Skilled] Weapon Skills dagger [Basic] bow [Expert] Spellcasting Skills Final Attributes: You were the Glory of Arioch. You were piously aligned. You were fire resistant. You were cold resistant. You were sleep resistant. You were shock resistant. You were poison resistant. You were magic-protected. You saw invisible. You were telepathic. You were warned. You had automatic searching. You had infravision. You were invisible to others. You were displaced. You were stealthy. You had teleport control. You regenerated. You were protected. You were protected from shape changers. You were fast. You had reflection. You had free action. You were extremely lucky. You had extra luck. Good luck did not time out for you. You are dead. Vanquished creatures: Medusa a titan a glass golem a purple worm 3 orange dragons a green dragon 5 minotaurs a jabberwock Scorpius 3 baluchitheria 2 demiliches 5 stone golems a master mind flayer 2 Olog-hai a Nazgul 2 titanotheres a trapper a baby blue dragon 2 guardian nagas 5 vampire lords an aligned priest 3 liches 6 nurses 4 lurkers above an Aleax a golden naga 5 vampires 13 ghosts 4 ettins 2 lieutenants a queen bee 2 winged gargoyles a mind flayer 5 giant mimics 7 fire giants 3 ogre kings 8 ice trolls 18 rock trolls 8 umber hulks 2 flesh golems 2 Elvenkings a doppelganger a salamander 3 wumpuses a couatl 7 stalkers an air elemental 5 fire elementals 3 earth elementals 4 water elementals 3 hill giants 3 giant mummies 3 black nagas 2 xorns 4 giant zombies 6 elf-lords 2 sergeants 6 wargs a winter wolf 2 small mimics an island nymph 2 glass piercers 2 warhorses 9 xans 3 ettin mummies 3 ogre lords 4 quantum mechanics 11 trolls 2 sasquatches a wood golem a pyrolisk 3 large dogs 5 freezing spheres 3 shocking spheres 2 large cats 2 tigers 5 gargoyles a dwarf king 4 tengu 4 gelatinous cubes 2 ochre jellies 5 chameleons 2 crocodiles a leocrotta 3 energy vortices 25 mountain centaurs 4 giants 4 elf mummies 4 human mummies 4 red nagas a pit viper 2 pythons 5 cobras 18 wraiths 13 ettin zombies a leather golem 10 Grey-elves 24 soldiers 2 incubi 6 giant beetles 4 cockatrices 6 wolves 9 winter wolf cubs 2 lynxes 4 panthers 2 gremlins 57 leprechauns 3 quivering blobs 11 lizards 2 mountain nymphs an orc-captain 4 mumakil 9 giant spiders 33 scorpions 6 iron piercers 3 horses 2 ice vortices 5 black lights 6 vampire bats 49 forest centaurs 4 gnome kings 5 orc mummies an ogre 2 brown puddings 4 rust monsters 12 owlbears a yeti 3 gold golems 2 werewolves 7 Green-elves 8 hunters 3 chickatrices 3 dogs 4 dingos 4 housecats 2 jaguars 2 dwarf lords 3 blue jellies 8 water nymphs 4 white unicorns 3 gray unicorns a black unicorn 4 dust vortices 4 ravens 9 plains centaurs 3 gnome mummies 2 snakes 8 apes 13 human zombies 2 rope golems 4 Woodland-elves a soldier ant 10 bugbears 5 wood nymphs 16 Mordor orcs 14 Uruk-hai 3 orc shamans a rock mole 6 rock piercers 4 ponies 2 fog clouds 6 yellow lights a shrieker 9 violet fungi 16 gnome lords 10 gnomish wizards 5 kobold mummies a red naga hatchling 2 black naga hatchlings 2 golden naga hatchlings 2 guardian naga hatchlings 6 gray oozes 4 barrow wights 14 elf zombies 8 ghouls a straw golem 2 paper golems 8 giant ants 3 little dogs 15 floating eyes 4 kittens 21 dwarves 3 homunculi 7 kobold lords 3 kobold shamans 7 iguanas 21 hill orcs 13 rothes 5 rabid rats 2 centipedes 6 giant bats 9 monkeys 9 orc zombies 12 dwarf zombies 4 wererats 50 killer bees 16 coyotes 2 gas spores 11 hobbits 4 acid blobs 6 large kobolds 10 geckos 11 hobgoblins 10 giant rats 15 cave spiders 5 yellow molds 6 green molds 4 red molds 56 gnomes 23 garter snakes 21 manes 5 gnome zombies 13 jackals 4 foxes 13 newts 4 goblins 4 sewer rats 7 grid bugs a bat 8 lichens 3 kobold zombies 1367 creatures vanquished. Voluntary challenges: You were vegetarian. You had followed a strict vegan diet until turn 2145. You had been an atheist until turn 9616. You used a wielded weapon 48 times, starting on turn 11. You did not apply a unicorn horn. You read items or engraved 23 times, starting on turn 5952. You never genocided any monsters. You polymorphed 1 item, starting on turn 20927. You never changed form. You completed Sokoban on turn 7278, according to the rules. You used 2 wishes, starting on turn 16124. You wished for your your first artifact on turn 20989. You never split a pudding. You never wrote Elbereth's name. You violated your moral code, losing 7 points of alignment, starting on turn 5802. Dungeon overview: The Dungeons of Doom: levels 1 to 31 Level 1 (locked box) some fountains a long staircase Level 2 (locked box) Level 3 a scroll shop Level 4 (Orcrist in shop) an armor shop stairs to The Gnomish Mines Level 5 Level 6 ( ) Level 7 (vault) a fountain Level 8 many fountains Level 9 stairs to Sokoban Level 10 Level 11 a fountain Level 12 Level 13 a fountain, a sink Level 14 ( ) a temple to Mars Level 15 (rogue + portal) portal to The Quest Level 16 Level 17 a fountain Level 18 some fountains Level 19 ( ) some fountains Level 20 Level 21 a general store, some fountains Level 22 (vault) some fountains Level 23 a fountain Level 24 a fountain Level 25 (Medusa) Level 26 Level 27 Level 28 Level 29 Level 30 Level 31 (Castle) <- You were here a magic chest, a fountain, a throne Gehennom: Level 32 stairs to The Dungeons of Doom The Gnomish Mines: levels 5 to 12 Level 5 stairs to The Dungeons of Doom Level 6 Level 7 Level 8 many shops, a temple to Mercury, a magic chest, some fountains Level 9 Level 10 Level 11 Level 12 a magic chest, some fountains The Quest: levels 1 to 6 Level 1 a magic chest, many trees portal to The Dungeons of Doom Level 2 many trees Level 3 Level 4 Level 5 Level 6 an altar to Mercury, many trees Sokoban: levels 5 to 8 Level 5 a magic chest Level 6 Level 7 Level 8 a magic chest stairs to The Dungeons of Doom History has recorded: On T:1 you entered the Dungeons of Doom to retrieve the Amulet of Yendor! On T:359 you reached level 2 of The Dungeons of Doom. On T:776 you advanced to experience level 2. On T:802 you reached level 3 of The Dungeons of Doom. On T:867 you reached level 4 of The Dungeons of Doom. On T:1254 you advanced to experience level 3. On T:1395 you reached level 1 of The Gnomish Mines. On T:1515 you reached level 5 of The Dungeons of Doom. On T:1801 you advanced to experience level 4. On T:1946 you advanced to experience level 5. On T:2375 you reached level 6 of The Dungeons of Doom. On T:2421 you reached level 7 of The Dungeons of Doom. On T:2969 you advanced to experience level 6. On T:3265 you reached level 8 of The Dungeons of Doom. On T:3805 you reached level 9 of The Dungeons of Doom. On T:3912 you reached level 10 of The Dungeons of Doom. On T:3941 you reached level 4 of Sokoban. On T:3964 you advanced to experience level 7. On T:3988 you opened a magic chest. On T:3989 you opened a magic chest. On T:4435 you opened a magic chest. On T:4619 you opened a magic chest. On T:4893 you opened a magic chest. On T:4894 you opened a magic chest. On T:4912 you reached level 3 of Sokoban. On T:5489 you reached level 2 of Sokoban. On T:6033 you reached level 1 of Sokoban. On T:6285 you advanced to experience level 8. On T:7278 you advanced to experience level 9. On T:7278 you entered the Sokoban zoo. On T:7404 you opened a magic chest. On T:7676 you opened a magic chest. On T:7996 you reached level 2 of The Gnomish Mines. On T:8520 you reached level 3 of The Gnomish Mines. On T:9062 you reached level 4 of The Gnomish Mines. On T:9606 you entered the Minetown temple On T:9623 you opened a magic chest. On T:9624 you opened a magic chest. On T:9631 you opened a magic chest. On T:9644 you opened a magic chest. On T:9646 you opened a magic chest. On T:9653 you opened a magic chest. On T:9654 you opened a magic chest. On T:9655 you opened a magic chest. On T:9661 you opened a magic chest. On T:9662 you opened a magic chest. On T:9663 you opened a magic chest. On T:10328 you opened a magic chest. On T:10330 you opened a magic chest. On T:10331 you opened a magic chest. On T:10335 you opened a magic chest. On T:10336 you opened a magic chest. On T:10337 you opened a magic chest. On T:10471 you opened a magic chest. On T:10472 you opened a magic chest. On T:10538 you opened a magic chest. On T:10573 you reached level 5 of The Gnomish Mines. On T:10814 you advanced to experience level 10. On T:11313 you reached level 7 of The Gnomish Mines. On T:12001 you opened a magic chest. On T:12004 you opened a magic chest. On T:12191 you reached level 8 of The Gnomish Mines. On T:12191 you reached the bottom of the Mines. On T:13371 you opened a magic chest. On T:13817 you opened a magic chest. On T:13818 you opened a magic chest. On T:13823 you opened a magic chest. On T:13824 you opened a magic chest. On T:13825 you opened a magic chest. On T:13980 you opened a magic chest. On T:13984 you opened a magic chest. On T:13994 you opened a magic chest. On T:13994 you opened a magic chest. On T:13995 you opened a magic chest. On T:14005 you opened a magic chest. On T:14749 you opened a magic chest. On T:14821 you opened a magic chest. On T:14822 you opened a magic chest. On T:14824 you opened a magic chest. On T:14906 you opened a magic chest. On T:14908 you opened a magic chest. On T:14997 you reached level 11 of The Dungeons of Doom. On T:15525 you reached level 13 of The Dungeons of Doom. On T:16124 you wished for "+3 greased blessed fixed cloak of magic resistance". On T:16391 you reached level 15 of The Dungeons of Doom. On T:17072 you reached level 16 of The Dungeons of Doom. On T:17745 you opened a magic chest. On T:17749 you opened a magic chest. On T:17815 you opened a magic chest. On T:18224 you reached level 17 of The Dungeons of Doom. On T:18362 you reached level 18 of The Dungeons of Doom. On T:18693 you reached level 25 of The Dungeons of Doom. On T:18697 you reached level 24 of The Dungeons of Doom. On T:18956 you reached level 23 of The Dungeons of Doom. On T:18988 you reached level 22 of The Dungeons of Doom. On T:19017 you reached level 21 of The Dungeons of Doom. On T:19144 you reached level 20 of The Dungeons of Doom. On T:19166 you advanced to experience level 11. On T:19252 you reached level 19 of The Dungeons of Doom. On T:20308 you opened a magic chest. On T:20337 you opened a magic chest. On T:20344 you opened a magic chest. On T:20917 you opened a magic chest. On T:20918 you opened a magic chest. On T:20921 you opened a magic chest. On T:20922 you opened a magic chest. On T:20922 you opened a magic chest. On T:20923 you opened a magic chest. On T:20928 you opened a magic chest. On T:20943 you opened a magic chest. On T:20989 you wished for "blessed greased fixed the master key of thievery". On T:21014 you opened a magic chest. On T:21015 you opened a magic chest. On T:21015 you opened a magic chest. On T:21162 you opened a magic chest. On T:21648 you opened a magic chest. On T:21650 you opened a magic chest. On T:21653 you opened a magic chest. On T:21654 you opened a magic chest. On T:21658 you opened a magic chest. On T:21659 you opened a magic chest. On T:21665 you opened a magic chest. On T:21668 you opened a magic chest. On T:21670 you opened a magic chest. On T:21678 you opened a magic chest. On T:21683 you opened a magic chest. On T:21688 you opened a magic chest. On T:21703 you opened a magic chest. On T:21707 you opened a magic chest. On T:21710 you opened a magic chest. On T:21710 you opened a magic chest. On T:21711 you opened a magic chest. On T:22010 you opened a magic chest. On T:22726 you opened a magic chest. On T:22729 you opened a magic chest. On T:22729 you opened a magic chest. On T:22730 you opened a magic chest. On T:22734 you opened a magic chest. On T:24329 you advanced to experience level 12. On T:26621 you opened a magic chest. On T:26622 you opened a magic chest. On T:26626 you opened a magic chest. On T:26633 you opened a magic chest. On T:26633 you opened a magic chest. On T:26634 you opened a magic chest. On T:26635 you opened a magic chest. On T:26635 you opened a magic chest. On T:26635 you opened a magic chest. On T:26637 you opened a magic chest. On T:26639 you opened a magic chest. On T:26639 you opened a magic chest. On T:26639 you opened a magic chest. On T:27229 you received Stormbringer from Mars. On T:30104 you opened a magic chest. On T:30108 you opened a magic chest. On T:30109 you opened a magic chest. On T:30111 you opened a magic chest. On T:30111 you opened a magic chest. On T:30397 you opened a magic chest. On T:30400 you opened a magic chest. On T:30400 you opened a magic chest. On T:30400 you opened a magic chest. On T:31219 you reached level 1 of The Quest. On T:31341 you advanced to experience level 13. On T:31717 you were chosen to take lives for your god's glory! On T:31951 you opened a magic chest. On T:31952 you opened a magic chest. On T:31953 you advanced to experience level 14. On T:31953 you opened a magic chest. On T:31956 you opened a magic chest. On T:32256 you embarked upon an epic quest. On T:32273 you opened a magic chest. On T:32281 you reached level 2 of The Quest. On T:32385 you reached level 3 of The Quest. On T:33065 you opened a magic chest. On T:33228 you reached level 5 of The Quest. On T:33516 you reached level 6 of The Quest. On T:34177 you killed Scorpius on level 6 of The Quest. On T:34399 you opened a magic chest. On T:34404 you opened a magic chest. On T:34426 you opened a magic chest. On T:34486 you completed the quest! On T:35210 you killed Medusa on level 25 of The Dungeons of Doom. On T:35385 you reached level 27 of The Dungeons of Doom. On T:36378 you opened a magic chest. On T:37581 you reached level 28 of The Dungeons of Doom. On T:38207 you reached level 29 of The Dungeons of Doom. On T:39015 you opened a magic chest. On T:40367 you reached level 30 of The Dungeons of Doom. On T:40645 you reached The Castle. On T:42067 you opened a magic chest. On T:42093 you opened a magic chest. On T:43520 you opened a magic chest. On T:43591 you opened a magic chest. On T:43832 you opened a magic chest. On T:43835 you reached The Valley of the Dead. Score breakdown: Gold: 0 ( 0 points) Experience: 14 levels ( 1300 points) Exploration: 32 levels ( 930 points) Discoveries: 85 items ( 2000 points) Variety of kills: 221 monsters ( 2000 points) Major goal: finished the Quest ( 2000 points) Survival: died (score multiplied by 3) Total score: 24690 Latest messages: The arrow hits the minotaur! The minotaur punches you! (2x) The minotaur butts! Status of the minotaur (neutral): Level 18 HP 46(74) Def 4. You feel hungry. This K-ration is bland. You finish eating the K-ration. You shoot 2 arrows. The 1st arrow hits the minotaur! The 2nd arrow hits the minotaur! The arrow hits the minotaur! b - 2 blessed +7 arrows (in quiver). b - a blessed +7 arrow (in quiver). The minotaur punches you! (2x) The minotaur butts! The arrow hits the minotaur! The minotaur punches you! (2x) The minotaur butts! The minotaur punches you! You die... Final status: Goodbye woodfighter the Ranger, killed by a minotaur... You died in The Dungeons of Doom on dungeon level 31 with 24690 points, and 0 pieces of gold, after 43930 moves. You were level 14 with a maximum of 94 hit points when you died.